 Dungeon Crawl Stone Soup version 0.31-a0-232-gb1c03b2570 (webtiles) character file.

Game seed: 14547810159169257443

49 qw the Shooter (level 3, -5/21 HPs)
             Began as a Gargoyle Hexslinger on July 7, 2023.
             Slain by an ogre
             ... wielding a +0 giant club
              (26 damage)
             ... on level 4 of the Dungeon.
             The game lasted 00:00:34 (1202 turns).

qw the Shooter (Gargoyle Hexslinger)                Turns: 1202, Time: 00:00:34

Health: -5/21      AC:  7    Str: 11    XL:     3   Next: 77%
Magic:  0/4        EV: 11    Int: 13    God:
Gold:   92         SH:  0    Dex: 14    Spells: 3/4 levels left

rFire   . . .        Y - +1 sling (flame)
rCold   . . .        (no shield)
rNeg    + . .        g - +0 leather armour
rPois   inf          a - +0 helmet
rElec   +            (no cloak)
rCorr   .            (no gloves)
SInv    .            (no boots)
Will    .....        e - amulet of guardian spirit
Stlth   +            (no ring)
HPRegen 0.23/turn    (no ring)
MPRegen 0.09/turn

%: guardian spirit
@: no status effects
A: sickness immunity, AC +3, negative energy resistance 1, electricity
resistance, torment resistance 1, petrification resistance
a: no special abilities


You were on level 4 of the Dungeon.
You visited 1 branch of the dungeon, and saw 3 of its levels.

You collected 92 gold pieces.


Innate Abilities, Weirdness & Mutations

You are immune to sickness and miasma.
Your stone body is resilient. (AC +3)
You are immune to poison.
You resist negative energy. (rN+)
You are resistant to electric shocks. (rElec)
You are resistant to unholy torment.
You are immune to petrification.


   Skills:
 - Level 2.1 Fighting
 + Level 3.5 Ranged Weapons
 - Level 1.5 Dodging
 - Level 1.0 Spellcasting
 - Level 2.6 Hexes


You had 3 spell levels left.
You knew the following spells:

 Your Spells              Type           Power      Damage    Failure   Level
a - Slow                  Hex            28%        N/A       12%         1

Your spell library contained the following spells:

 Spells                   Type           Power      Damage    Failure   Level
 Inner Flame              Hex/Fire       4%         N/A       54%         3
 Portal Projectile        Hex/Tloc       8%         N/A       54%         3
 Cause Fear               Hex            3%         N/A       77%         4

Inventory:

Hand Weapons
 Y - a +1 sling of flaming (weapon)
Armour
 a - a +0 helmet (worn)
 g - a +0 leather armour (worn)
 i - a +0 pair of gloves
Jewellery
 e - an amulet of guardian spirit (around neck)
 m - a ring of fire
Scrolls
 b - 2 scrolls of teleportation {unknown}
 j - a scroll of silence {unknown}
 l - a scroll of blinking {unknown}
Potions
 c - a potion of resistance {unknown}
 f - a potion of haste {unknown}
 h - a potion of degeneration {unknown}
 k - 2 potions of cancellation {unknown}

Dungeon Overview and Level Annotations

Branches:
Dungeon (4/15)             Temple (0/1) D:4

Altars:
Uskayaw


Message History

A hobgoblin comes into view.
Found a stone staircase leading down.
You shoot a sling bullet.
The sling bullet barely misses the hobgoblin.
You shoot a sling bullet. The sling bullet hits the hobgoblin.
The sling bullet burns the hobgoblin.
You kill the hobgoblin!
m - a ring of fire
Found a stone staircase leading up.
Enter note:
There is a stone staircase leading up here.
You hear the slow hiss of a distant avalanche of sand.
An ogre comes into view. It is wielding a +0 giant club.
Enter note: You shoot a sling bullet.
The sling bullet hits the ogre.
The sling bullet burns the ogre.
The ogre is moderately wounded.
You shoot a sling bullet.
The sling bullet closely misses the ogre.
You shoot a sling bullet.
The sling bullet hits the ogre but does no damage.
The ogre is moderately wounded.
The ogre closely misses you.
You shoot a sling bullet. The sling bullet hits the ogre!
The sling bullet burns the ogre.
The ogre is heavily wounded.
The ogre hits you with a +0 giant club!!
Ouch! That really hurt!
1200 ||| DRINKING potion of heal wounds.
You feel much better.
You shoot a sling bullet.
The sling bullet hits the ogre but does no damage.
The ogre is heavily wounded.
The ogre closely misses you.
You shoot a sling bullet. The sling bullet hits the ogre.
The sling bullet burns the ogre.
The ogre is severely wounded.
The ogre hits you with a +0 giant club!!
Ouch! That really hurt!
You die...

## # .# #.
.# ##.## .#
. .. .#
#.#. .#
####.#.##O#
#.......@.#
#.####..###
#....# #
#.##.#
#.##.##.#
#.......#
####<#### .
#.....# #
#.###.#


You could see an ogre.

Vanquished Creatures
  3 worms (D:2)
  A dart slug (D:2)
  A ball python (D:1)
  4 bats
  4 endoplasms
  A giant cockroach (D:2)
  A goblin (D:1)
  7 hobgoblins
  5 kobolds
  2 quokkas
  A frilled lizard (D:2)
  7 rats
37 creatures vanquished.

Notes
Turn   | Place    | Note
-------+----------+-------------------------------------------
     0 | D:1      | qw the Gargoyle Hexslinger began the quest for the Orb.
     0 | D:1      | Reached XP level 1. HP: 12/12 MP: 2/2
     0 | D:1      | 0 ||| qw: Version: 0.3-a-46-gb1f654a
     0 | D:1      | 0 ||| qw: Game counter: 2412
     0 | D:1      | 0 ||| qw: Melee chars always use a shield: true
     0 | D:1      | 0 ||| qw: God list: Okawaru
     0 | D:1      | 0 ||| qw: Allow faded altars: false
     0 | D:1      | 0 ||| qw: Do Orc after clearing Dungeon:15 true
     0 | D:1      | 0 ||| qw: Do second Lair branch before Depths: true
     0 | D:1      | 0 ||| qw: Lair rune preference: random
     0 | D:1      | 0 ||| qw: Goals: Normal
     0 | D:1      | 0 ||| PLANNING D:1-11
   158 | D:1      | Reached XP level 2. HP: 16/16 MP: 3/3
   313 | D:1      | Reached skill level 3 in Ranged Weapons
   546 | D:1      | 546 ||| SWAPPING to +1 sling of flaming.
   547 | D:1      | 547 ||| DROPPING +1 sling.
   705 | D:1      | 705 ||| UPGRADING to +0 helmet.
   710 | D:1      | 710 ||| UPGRADING to +0 leather armour.
   720 | D:1      | 720 ||| DROPPING +0 robe.
   721 | D:1      | 721 ||| UPGRADING to amulet of guardian spirit.
   726 | D:1      | 726 ||| READING scroll labelled GYDAHI KEUWEV.
   727 | D:1      | 727 ||| READING scroll labelled YSONLE RAFEA.
   728 | D:1      | 728 ||| READING scroll labelled NEDDUM OFRES.
   729 | D:1      | 729 ||| DRINKING 2 metallic clear potions.
   730 | D:1      | 730 ||| DROPPING scroll of poison.
   778 | D:2      | Reached XP level 3. HP: 21/21 MP: 4/4
   791 | D:2      | HP: 5/21 [worm (6)]
   792 | D:2      | 792 ||| DRINKING potion of heal wounds.
   996 | D:2      | Found a hide-covered altar of Uskayaw.
  1091 | D:2      | You fall into a shaft and drop 2 floors!
  1091 | D:4      | Found a staircase to the Ecumenical Temple.
  1092 | D:4      | 1092 ||| PLANNING OSSUARY
  1195 | D:4      | Noticed an ogre
  1199 | D:4      | HP: 5/21 [ogre/+0 giant club (16)]
  1200 | D:4      | 1200 ||| DRINKING potion of heal wounds.
  1202 | D:4      | Slain by an ogre

Levels and vault maps discovered:
D:1:      dpeg_arrival_simpleton_c, layout_loops_ring, serial_forest,
          infiniplex_forest_lined_1, infiniplex_forest_3_way,
          infiniplex_forest_clump_cross, infiniplex_forest_straight_1,
          infiniplex_forest_lined_corner, infiniplex_forest_clump_curved,
          infiniplex_forest_lined_room_2, infiniplex_forest_clump_tiny,
          infiniplex_forest_clump_long
D:2:      layout_rooms, basic_altar
D:4:      layout_loops_cross, minmay_temple_entry_trees, enter_ossuary_1,
          chequers_serial_rivers_small_b

Skill      XL: |  1  2  3 |
---------------+----------+-----
Ranged Weapons | 3 |  3.5
Fighting       | 2 |  2.1
Dodging        | |  1.5
Spellcasting   | |  1.0
Hexes          | |  2.6

Action                     || total
---------------------------++-------
   Fire: Sling             ||   118
    Use: Scroll            ||     3
         Potion            ||     3
 Armour: Robe              ||     3
         Leather armour    ||     9
  Dodge: Dodged            ||    31

Table legend:
 A = Non-vault XP
 B = Vault XP
 C = Vault XP percentage of total XP
 D = Non-vault monster count
 E = Vault monster count
 F = Vault count percentage of total count
                 A         B        C        D         E       F
            +---------+---------+-------+---------+---------+-------
      Total |      71 |       0 |   0.0 |      37 |       0 |   0.0
            +---------+---------+-------+---------+---------+-------
        D:1 |      26 |       0 |   0.0 |      15 |       0 |   0.0
        D:2 |      41 |       0 |   0.0 |      20 |       0 |   0.0
        D:4 |       4 |       0 |   0.0 |       2 |       0 |   0.0
            +---------+---------+-------+---------+---------+-------
